 Dungeon Crawl Stone Soup version 0.23.2-1-ga50397a (webtiles) character file.

Game seed: 2513498832620423254

135167 sankara the Brawler (level 16, -11/132 HPs)
             Began as a Minotaur Transmuter on May 20, 2019.
             Was a High Priest of Okawaru.
             Blown up by an orb spider (37 damage)
             ... with an orb of destruction
             ... on level 1 of the Spider Nest on May 27, 2019.
             The game lasted 03:36:37 (37640 turns).

sankara the Brawler (Minotaur Transmuter)          Turns: 37640, Time: 03:36:38

Health: -11/132    AC: 33    Str: 19    XL:     16   Next: 63%
Magic:  17/21      EV: 14    Int: 23    God:    Okawaru [*****.]
Gold:   2100       SH: 12    Dex: 10    Spells: 4/18 levels left

rFire    . . .     SeeInvis +   b - +9 hunting sling "Ytuibyink" {velocity, Int+3}
rCold    . . .     Gourm    .   v - +2 buckler
rNeg     + . .     Faith    .   X - +5 pearl dragon scales "Xallar" {rN+ Int+6 SInv}
rPois    +         Spirit   .   Y - +2 hat
rElec    .         Reflect  +   U - +2 cloak {rPois}
rCorr    .         Harm     .   u - +0 pair of gloves
MR       ++...                  (no boots)
Stlth    +.........             k - +5 amulet of reflection
HPRegen  0.32/turn              j - +5 ring of protection
MPRegen  0.17/turn              P - ring of protection from magic {MR+, !d}

@: lethally poisoned (-11 -> -17)
A: retaliatory headbutt, horns 2, screaming 1
a: Heroism, Finesse, Renounce Religion


You were on level 1 of the Spider Nest.
You worshipped Okawaru.
Okawaru was extremely pleased with you.
You were hungry.

You visited 6 branches of the dungeon, and saw 28 of its levels.

You collected 2758 gold pieces.
You spent 658 gold pieces at shops.

Inventory:

Hand Weapons
 b - the +9 hunting sling "Ytuibyink" (weapon) {velocity, Int+3}
   (You found it on level 7 of the Dungeon)

   Any stone fired from it inflicts extra damage.
   It affects your intelligence (+3).
 q - a +1 dagger of speed
   (You found it on level 14 of the Dungeon)
 r - the cursed +1 shortbow "Viucriq" {velocity, MR+ Int+3, unknown}
   (You found it on level 1 of the Spider Nest)

   Any arrow fired from it inflicts extra damage.
   It affects your intelligence (+3).
   It affects your resistance to hostile enchantments.
   It has a curse placed upon it.
Missiles
 a - 462 arrows
 c - 817 stones
 f - 18 javelins
 s - 142 sling bullets (quivered)
 E - 60 tomahawks
 R - 3 throwing nets {=f, !d}
Armour
 u - a +0 pair of gloves (worn)
   (You found it on level 2 of the Dungeon)
 v - a +2 buckler (worn)
   (You took it off a spriggan on level 11 of the Dungeon)
 U - a +2 cloak of poison resistance (worn)
   (Okawaru gifted it to you on level 3 of the Shoals)
 X - the +5 pearl dragon scales "Xallar" (worn) {rN+ Int+6 SInv}
   (You found it on level 6 of the Lair of Beasts)

   It affects your intelligence (+6).
   It protects you from negative energy.
   It lets you see invisible.
 Y - a +2 hat (worn)
   (You found it on level 15 of the Dungeon)
Jewellery
 h - an uncursed amulet of the gourmand {unknown}
   (You found it on level 15 of the Dungeon)
 j - a +5 ring of protection (left hand)
   (You found it on level 1 of the Dungeon)
 k - a +5 amulet of reflection (around neck)
   (You found it on level 2 of the Shoals)
 p - a cursed amulet of inaccuracy {unknown}
   (You found it on level 3 of the Dungeon)
 y - an uncursed ring of protection from cold {rC+, !d}
   (You found it on level 5 of the Lair of Beasts)
 P - a ring of protection from magic (right hand) {MR+, !d}
   (You took it off an orc on level 8 of the Dungeon)
 T - an uncursed ring of protection from fire {rF+, !d}
   (You found it on level 2 of the Shoals)
Wands
 g - a wand of paralysis (21)
   (You found it on level 1 of the Lair of Beasts)
 i - a wand of acid (8)
   (You found it on level 3 of the Lair of Beasts)
 N - a wand of enslavement (18)
   (You found it on level 7 of the Dungeon)
 O - a wand of clouds (12)
   (You found it on level 3 of the Lair of Beasts)
Scrolls
 m - 14 scrolls of teleportation
 w - a scroll of brand weapon {unknown}
 x - 3 scrolls of fear {unknown}
 B - 4 scrolls of blinking {unknown}
 F - 2 scrolls of fog
 G - 4 scrolls of remove curse
 K - 3 scrolls of summoning
 M - 4 scrolls of magic mapping {!r}
Potions
 e - a potion of berserk rage {!q}
 l - a potion of heal wounds
 n - a potion of magic
 o - 4 potions of flight
 t - 4 potions of resistance
 A - 5 potions of haste
 C - 2 potions of might
 D - 7 potions of curing
 H - a potion of invisibility
 L - 5 potions of brilliance
 Q - a potion of agility
 S - a potion of ambrosia
 V - 2 potions of cancellation
Miscellaneous
 z - a lightning rod (4/4)
   (You found it on level 14 of the Dungeon)
 I - a phial of floods
   (You found it on level 14 of the Dungeon)
 J - a sack of spiders
 Z - a lamp of fire
   (You found it on level 5 of the Lair of Beasts)
Comestibles
 d - 41 rations


   Skills:
 - Level 9.5 Fighting
 - Level 9.6(10.0) Slings
 - Level 3.5(6.6) Throwing
 + Level 13.0 Armour
 - Level 10.0 Dodging
 - Level 5.0 Stealth
 - Level 5.0 Shields
 + Level 17.6 Unarmed Combat
 + Level 1.8 Spellcasting
 + Level 11.6 Transmutations
 - Level 9.0 Invocations


You had 4 spell levels left.
You knew the following spells:

 Your Spells              Type           Power        Failure   Level  Hunger
a - Beastly Appendage     Tmut           ######       1%          1    #......
b - Sticks to Snakes      Tmut           ######..     1%          2    ##.....
c - Blade Hands           Tmut           ######....   9%          5    ######.
d - Hydra Form            Tmut           ######....   41%         6    #######

Your spell library contained the following spells:

 Spells                   Type           Power        Failure   Level  Hunger
 Spider Form              Tmut/Pois      ####......   10%         3    ###....
 Ice Form                 Ice/Tmut       ####....     32%         4    #####..
 Animate Skeleton         Necr           N/A          34%         1    #......
 Apportation              Tloc           #.....       34%         1    #......
 Confusing Touch          Hex            #.....       34%         1    #......
 Corona                   Hex            #......      34%         1    #......
 Magic Dart               Conj           #...         34%         1    #......
 Shock                    Conj/Air       #...         34%         1    #......
 Summon Small Mammal      Summ           #...         34%         1    #......
 Ensorcelled Hibernation  Hex/Ice        #.....       47%         2    ##.....
 Searing Ray              Conj           #.....       47%         2    ##.....
 Swiftness                Chrm/Air       #.......     47%         2    ##.....
 Confuse                  Hex            #.......     71%         3    ###....
 Dazzling Spray           Conj/Hex       #.....       71%         3    ###....
 Static Discharge         Conj/Air       #.......     71%         3    ###....
 Tukima's Dance           Hex            #.......     71%         3    ###....
 Airstrike                Air            #.........   98%         4    #####..
 Force Lance              Conj/Tloc      #.......     98%         4    #####..
 Fulminant Prism          Conj/Hex       #.........   98%         4    #####..
 Iskenderun's Mystic Bla  Conj           #.......     98%         4    #####..
 Irradiate                Conj/Tmut      ####......   65%         5    ######.
 Dragon Form              Tmut           ######....   94%         7    #######
 Statue Form              Tmut/Erth      ####.....    99%         6    #######
 Bolt of Magma            Conj/Fire/Erth #.........   100%        5    ######.
 Iskenderun's Battlesphe  Conj/Chrm      #.......     100%        5    ######.
 Lightning Bolt           Conj/Air       #.........   100%        5    ######.
 Metabolic Englaciation   Hex/Ice        #.........   100%        5    ######.
 Venom Bolt               Conj/Pois      #.........   100%        5    ######.
 Bolt of Cold             Conj/Ice       #.........   100%        6    #######
 Freezing Cloud           Conj/Ice/Air   #.........   100%        6    #######
 Iron Shot                Conj/Erth      #.........   100%        6    #######
 Ozocubu's Refrigeration  Ice            #.........   100%        6    #######
 Simulacrum               Ice/Necr       #.........   100%        6    #######
 Orb of Destruction       Conj           #.........   100%        7    #######
 Spellforged Servitor     Conj/Summ      #.........   100%        7    #######


Dungeon Overview and Level Annotations

Branches:
Dungeon (15/15)            Temple (1/1) D:6            Lair (6/6) D:10
 Shoals (3/4) Lair:2       Spider (1/4) Lair:3        Slime (0/5) Lair:6
    Orc (2/2) D:9             Elf (0/3) Orc:2        Vaults (0/5) D:13
 Depths (0/5) D:15

Altars:
Ashenzari
Cheibriados
Dithmenos
Elyvilon
Fedhas
Gozag
Hepliaklqana
Kikubaaqudgha
Makhleb
Nemelex Xobeh
Okawaru
Qazlal
Ru
Sif Muna
Trog
Uskayaw
Vehumet
Wu Jian
Xom
Yredelemnul
Zin
The Shining One
Beogh
Jiyva

Shops:
D:5 (   D:9 *[   Orc:1 %   Orc:2 !}([

Annotations:
D:9 3 runed translucent doors, myga's ghost, novice MiHu
Lair:6 exclusion: hydra


Innate Abilities, Weirdness & Mutations

You reflexively headbutt those who attack you in melee.
You have a pair of horns on your head.
You occasionally shout uncontrollably at your foes.


Message History

The sling bullet hits the demonic crawler.
The demonic crawler is almost dead.
The demonic crawler hits you but does no damage. x3
A tarantella comes into view.
Firing (i - inventory. (/) - cycle)
s - 144 sling bullets (quivered)
Press: ? - help, Shift-Dir - straight line, f/p - demonic crawler
Aim: a demonic crawler (almost dead)
You shoot a sling bullet.
The sling bullet barely misses the demonic crawler.
The redback bites you.
You are poisoned.
The redback poisons you!
You block the demonic crawler's attack. x2
The demonic crawler hits you but does no damage.
You feel very sick.
The redback bites you but does no damage.
You feel very sick. You block the redback's attack.
Casting: Blade Hands (slightly dangerous; 9% risk of failure)
Confirm with . or Enter, or press ? or * to list all spells.
Your hands turn into razor-sharp scythe blades.
The +9 hunting sling "Ytuibyink" {velocity, Int+3} melds into your body.
Your +0 pair of gloves melds into your body.
Your +2 buckler melds into your body.
You are near starving!
You feel very sick. The redback closely misses you. You furiously retaliate!
You headbutt the redback. You shred the redback!!!
You kill the redback!
Okawaru accepts your kill.
You feel sick.
You slice the demonic crawler!!
You kill the demonic crawler!
Okawaru accepts your kill.
You feel sick.
You shout at the redback!
A redback comes into view.
You feel very sick.
You hear an angry hiss. x2
The tarantella closely misses you. You furiously retaliate!
You headbutt the tarantella!
The tarantella bites you but does no damage.
A wolf spider comes into view.
You see here a demonic crawler corpse.
You closely miss the tarantella.
The tarantella is moderately wounded.
Your transformation is almost over.
You feel sick.
The tarantella bites you but does no damage.
You slice the tarantella!!
You kill the tarantella!
Okawaru accepts your kill.
You feel sick.
The orb spider begins to weave its threads into a brightly glowing ball.
You feel sick.
You see here a tarantella corpse.
You butcher the tarantella corpse.
You feel sick.
You see here 2 chunks of flesh {@w0}.
Eat one of 2 chunks of flesh {@w0}? (ye/n/q)
You eat one of the 2 chunks of flesh {@w0}.
This raw flesh tastes terrible.
You are feeling hungry.
You feel sick. The redback completely misses you.
You slice the wolf spider!!
The wolf spider is heavily wounded.
You feel sick. The wolf spider hits you!
The wolf spider bites you but does no damage.
You slice the wolf spider!!
You kill the wolf spider!
Okawaru accepts your kill.
You feel sick.
The redback bites you but does no damage.
You closely miss the redback.
You feel sick. The redback closely misses you.
The orb spider weaves a glowing orb of energy.
An orb of destruction comes into view.
You feel sick.
You slice the redback!!
You kill the redback!
Okawaru accepts your kill.
You feel sick.
The orb spider pulsates with a strange energy.
Your hands revert to their normal proportions.
The +9 hunting sling "Ytuibyink" {velocity, Int+3} unmelds from your body.
Your +0 pair of gloves unmelds from your body.
Your +2 buckler unmelds from your body.
You feel sick. The orb of destruction hits you!!!
* * * LOW HITPOINT WARNING * * *
You feel sick.
Unknown command.
Firing (i - inventory. (/) - cycle)
s - 143 sling bullets (quivered)
Press: ? - help, Shift-Dir - straight line, f - orb spider
Aim: an orb spider (fully charged, clinging)
You shoot a sling bullet. The sling bullet hits the orb spider!
The orb spider is moderately wounded.
You feel sick.
The orb spider weaves a glowing orb of energy.
An orb of destruction comes into view.
You feel sick.
You feel sick. The orb of destruction hits you!!!
You die...

..##..## ##...#..### ##.
#..##### ##..##...### ##..
..##.#.## ##...###..^.###...
........#### ##..###
###...###..
#..........####..##
##..##.##.
###..###....#....#
#..##.....
..#####..##.....####
##^.#..#... ...#
######.#####.####...#..##..
#### ..(
#####@...##..####..#^.
....(#..#ā—‹....#..#..#####.
#(sā—‹*ā˜¼..#..##.......###
##..#.####..#..#....# #
########...######^.###
#...## #..###. #..## #..###.
#.^.# #..[.#. ##..####
#....##


There were no monsters in sight!

Vanquished Creatures
  Jorgrun (Spider:1)
  Frances (D:12)
  Kirke (D:15)
  Ilsuiw (Shoals:2)
  A frost giant (Shoals:1)
  Aizul (Shoals:1)
  A stone giant (Shoals:1)
  Azrael (D:13)
  A dire elephant (Lair:2)
  A merfolk javelineer (Shoals:2)
  3 merfolk impalers
  6 hydras
  3 catoblepae
  Harold (D:8)
  A centaur warrior (D:14)
  A merfolk aquamancer (Shoals:3)
  3 two-headed ogres
  A merfolk avatar (Shoals:2)
  A death yak (Lair:4)
  5 orc high priests (Orc:2)
  An unseen horror (shapeshifter) (D:14)
  4 sea snakes
  4 unseen horrors
  2 wizards
  2 deep elf magi
  2 necromancers
  5 orc knights (Orc:2)
  A lindwurm (Lair:2)
  4 orb spiders (Spider:1)
  11 harpies
  6 wolf spiders
  10 fauns
  8 cyclopes
  An orc sorcerer (D:15)
  11 manticores
  6 ugly things (D:14)
  7 black mambas
  3 water nymphs
  4 merfolk sirens
  2 naga magi (D:15)
  8 elephants
  A torpor snail (Lair:4)
  26 spiny frogs
  2 kobold demonologists
  4 yaktaurs (D:12)
  3 efreet
  2 demonic crawlers (Spider:1)
  5 rime drakes
  9 komodo dragons
  13 merfolk
  A queen bee (Lair:1)
  A hornet (D:14)
  2 polar bears
  5 trolls
  8 jumping spiders
  3 meliai (D:13)
  2 slime creatures
  4 tyrant leeches (Lair:6)
  28 blink frogs
  4 wind drakes
  6 snapping turtles
  8 hippogriffs
  7 dream sheep
  A vampire (D:12)
  A centaur simulacrum (D:15)
  7 redbacks
  34 yaks
  6 spriggans (D:11)
  6 tarantellas (Spider:1)
  A hog (D:13)
  6 water elementals
  A basilisk (Lair:2)
  A human (D:13)
  7 wyverns
  A fire elemental (D:13)
  A human (shapeshifter) (D:14)
  A hungry ghost (D:13)
  A steam dragon (Lair:3)
  9 vampire mosquitoes
  5 wargs
  5 hell hounds (D:13)
  4 porcupines
  6 water moccasins
  4 black bears
  A hornet zombie (D:13)
  28 orc warriors
  5 sky beasts
  2 eyes of draining
  6 necrophages
  4 ice beasts
  5 centaurs
  17 ogres
  2 phantoms
  A crocodile (shapeshifter) (D:14)
  18 wolves
  20 crocodiles
  32 bullfrogs
  A gnoll sergeant (D:10)
  A water moccasin zombie (D:9)
  2 wyvern skeletons
  6 scorpions
  25 killer bees
  5 wights (D:15)
  6 electric eels
  A howler monkey (D:6)
  3 crimson imps
  5 centaur zombies
  7 bullfrog skeletons
  5 hounds
  10 jellies
  A quasit (D:8)
  28 orc priests
  3 centaur skeletons
  7 iguanas
  15 orc wizards
  11 worker ants
  3 hound zombies
  A hound skeleton (D:6)
  6 worker ant zombies
  5 gnolls (D:10)
  16 adders
  4 shadow imps
  An ooze (D:3)
  An adder skeleton (D:7)
  3 adder zombies
  A worm (D:3)
  2 dart slugs
  5 leopard geckos
  59 orcs
  A ball python (D:2)
  7 giant cockroaches
  10 goblins
  7 hobgoblins
  9 jackals
  6 quokkas
  A ball python skeleton (D:4)
  10 bats
  6 frilled lizards
  A giant cockroach zombie (D:6)
  A jackal skeleton (D:4)
  2 jackal zombies
  10 kobolds
  A leopard gecko skeleton (D:4)
  A leopard gecko zombie (D:4)
  A quokka zombie (D:4)
  14 rats
  2 plants (Shoals:2)
869 creatures vanquished.

Vanquished Creatures (collateral kills)
  A hog (D:15)
1 creature vanquished.

Vanquished Creatures (others)
  A centaur warrior (D:14)
  5 cyclopes
  2 fauns
  3 humans (D:15)
  A water moccasin (Lair:2)
  A meliai simulacrum (D:14)
  An orc warrior (Orc:2)
  An ice beast (D:15)
  A centaur (D:8)
  An orc (D:9)
  15 fungi
  48 plants
  7 toadstools (Lair:2)
87 creatures vanquished.

Grand Total: 957 creatures vanquished

Notes
Turn   | Place    | Note
-------+----------+-------------------------------------------
     0 | D:1      | sankara the Minotaur Transmuter began the quest for the
                  | Orb.
     0 | D:1      | Reached XP level 1. HP: 16/16 MP: 1/1
    70 | D:1      | Found a glowing golden altar of the Shining One.
    90 | D:1      | Reached XP level 2. HP: 23/23 MP: 0/3
   187 | D:1      | Learned a level 2 spell: Sticks to Snakes
   303 | D:1      | Reached skill level 4 in Unarmed Combat
   445 | D:1      | Reached skill level 2 in Transmutations
   780 | D:2      | Reached XP level 3. HP: 28/28 MP: 0/4
   972 | D:2      | Found a shattered altar of Ashenzari.
   972 | D:2      | Found a stormy altar of Qazlal.
   973 | D:2      | Found a basalt altar of Yredelemnul.
  1771 | D:3      | Reached XP level 4. HP: 34/36 MP: 3/5
  2072 | D:3      | Reached skill level 2 in Fighting
  2128 | D:3      | Noticed an ogre
  2135 | D:3      | Killed an ogre
  2135 | D:3      | Reached skill level 1 in Stealth
  2135 | D:3      | Reached skill level 5 in Unarmed Combat
  2135 | D:3      | Reached XP level 5. HP: 23/42 MP: 4/6
  2874 | D:4      | Reached skill level 3 in Dodging
  2932 | D:4      | Reached skill level 3 in Fighting
  2932 | D:4      | Reached XP level 6. HP: 51/51 MP: 7/7
  2978 | D:4      | Reached skill level 2 in Stealth
  3076 | D:4      | Reached skill level 6 in Unarmed Combat
  3080 | D:4      | Reached skill level 3 in Transmutations
  3508 | D:4      | Reached XP level 7. HP: 57/57 MP: 8/8
  3834 | D:5      | Entered Level 5 of the Dungeon
  4066 | D:5      | Reached skill level 3 in Stealth
  4066 | D:5      | Reached skill level 7 in Unarmed Combat
  4581 | D:5      | Reached skill level 4 in Transmutations
  4581 | D:5      | Reached XP level 8. HP: 55/63 MP: 9/9
  4594 | D:5      | Learned a level 5 spell: Blade Hands
  4721 | D:5      | Reached skill level 8 in Unarmed Combat
  4913 | D:5      | Found Methuqor's Weapon Emporium.
  5261 | D:6      | HP: 13/63 [orc priest/divine providence (16)]
  5277 | D:5      | HP: 14/63 [jackal (1)]
  5641 | D:6      | Reached skill level 1 in Throwing
  5796 | D:6      | Found a staircase to the Ecumenical Temple.
  5802 | Temple   | Entered the Ecumenical Temple
  5849 | Temple   | Became a worshipper of Warmaster Okawaru
  5944 | D:6      | Noticed a +0 dagger
  5969 | D:6      | Found a hide-covered altar of Uskayaw.
  5969 | D:6      | Noticed a +0 dagger
  6264 | D:7      | Got an ichor-stained hunting sling
  6272 | D:7      | Identified the +9 hunting sling "Ytuibyink" {velocity,
                  | Int+3} (You found it on level 7 of the Dungeon)
  6341 | D:7      | Reached skill level 1 in Slings
  6341 | D:7      | Reached skill level 9 in Unarmed Combat
  6513 | D:7      | Reached skill level 4 in Fighting
  6526 | D:7      | Reached skill level 4 in Dodging
  6628 | D:7      | Noticed a two-headed ogre
  6636 | D:7      | Killed a two-headed ogre
  6636 | D:7      | Reached * piety under Okawaru
  6636 | D:7      | Reached skill level 2 in Slings
  6636 | D:7      | Reached skill level 5 in Transmutations
  6636 | D:7      | Reached XP level 9. HP: 73/73 MP: 10/10
  6728 | D:7      | Reached ** piety under Okawaru
  6791 | D:7      | Reached skill level 5 in Fighting
  6885 | D:7      | Found a burning altar of Makhleb.
  6885 | D:7      | Noticed a balrug
  6891 | D:7      | Reached skill level 3 in Slings
  6891 | D:7      | Reached skill level 10 in Unarmed Combat
  6896 | D:7      | Found a glowing silver altar of Zin.
  6896 | D:7      | Noticed an angel
  7364 | D:7      | Found a glowing golden altar of the Shining One.
  7364 | D:7      | Found a sparkling altar of Nemelex Xobeh.
  7457 | D:8      | Reached skill level 5 in Dodging
  7802 | D:8      | Reached skill level 1 in Invocations
  8045 | D:8      | Found a hazy altar of Hepliaklqana.
  8045 | D:8      | Found a deep blue altar of Sif Muna.
  8347 | D:8      | Noticed Harold
  8359 | D:8      | Killed Harold
  8359 | D:8      | Reached skill level 4 in Slings
  8359 | D:8      | Reached skill level 2 in Invocations
  8359 | D:8      | Reached XP level 10. HP: 83/83 MP: 11/11
  8537 | D:9      | Reached *** piety under Okawaru
  8631 | D:9      | Found a staircase to the Orcish Mines.
  8632 | D:9      | Found a blossoming altar of Fedhas.
  8636 | D:9      | Found a bloodstained altar of Trog.
  8707 | D:9      | Found Qier Exi's Armour Boutique.
  8751 | D:9      | Received a gift from Okawaru
  8807 | D:9      | Found a runed translucent gate.
  8807 | D:9      | Found a runed translucent gate.
  8807 | D:9      | Found an opulent altar of Gozag.
  8808 | D:9      | Found a runed translucent gate.
  8810 | D:9      | Noticed myga's ghost (novice MiHu)
  8810 | D:9      | Noticed a seven-headed hydra
  8811 | D:9      | Found Habacria's Assorted Antiques.
  9185 | D:9      | Reached skill level 11 in Unarmed Combat
  9347 | D:10     | Entered Level 10 of the Dungeon
  9349 | D:10     | Reached skill level 6 in Fighting
  9349 | D:10     | Reached skill level 6 in Dodging
  9395 | D:10     | Reached skill level 6 in Transmutations
  9509 | D:10     | Reached skill level 1 in Armour
  9587 | D:10     | Reached skill level 3 in Invocations
  9738 | D:10     | Reached skill level 5 in Slings
 10039 | D:10     | Reached skill level 2 in Armour
 10049 | D:10     | Reached **** piety under Okawaru
 10100 | D:10     | Found a staircase to the Lair.
 10259 | D:10     | Noticed a catoblepas
 10291 | D:10     | Killed a catoblepas
 10291 | D:10     | Reached XP level 11. HP: 28/91 MP: 9/12
 10868 | D:10     | Noticed a deep elf mage
 10885 | D:10     | Killed a deep elf mage
 10885 | D:10     | Reached skill level 3 in Armour
 11024 | Lair:1   | Entered Level 1 of the Lair of Beasts
 11126 | Lair:1   | Received a gift from Okawaru
 11253 | Lair:1   | Reached skill level 7 in Fighting
 11346 | Lair:1   | Got an agate-encrusted leather armour
 11351 | Lair:1   | Identified the +1 leather armour "Xeohoe" {-Tele Int+5
                  | Dex+4} (You found it on level 1 of the Lair of Beasts)
 11422 | Lair:1   | HP: 23/92 [poisoned by a killer bee]
 11429 | Lair:1   | HP: 23/92 [poisoned by a killer bee]
 11437 | Lair:1   | HP: 23/92 [poisoned by a killer bee]
 11731 | Lair:1   | Reached ***** piety under Okawaru
 11764 | Lair:1   | Reached skill level 4 in Invocations
 11856 | Lair:1   | Reached skill level 7 in Dodging
 11856 | Lair:1   | Reached skill level 12 in Unarmed Combat
 11908 | Lair:1   | Reached skill level 2 in Throwing
 12008 | Lair:1   | Received a gift from Okawaru
 12521 | Lair:2   | Found a staircase to the Shoals.
 12524 | Lair:2   | Reached skill level 6 in Slings
 12524 | Lair:2   | Reached skill level 4 in Armour
 12542 | Lair:2   | Received a gift from Okawaru
 12930 | Lair:2   | Noticed a catoblepas
 12966 | Lair:2   | Killed a catoblepas
 13022 | Lair:2   | Received a gift from Okawaru
 13023 | Lair:2   | Got an ichor-stained plate armour {god gift}
 13684 | Lair:2   | Noticed a lindwurm
 13684 | Lair:2   | Noticed a dire elephant
 13704 | Lair:2   | Found a runed translucent door.
 14152 | Lair:2   | Killed a dire elephant
 14152 | Lair:2   | Reached skill level 3 in Throwing
 14152 | Lair:2   | Reached skill level 7 in Transmutations
 14417 | Lair:2   | Killed a lindwurm
 14417 | Lair:2   | Reached XP level 12. HP: 85/101 MP: 10/14
 14491 | Lair:2   | Reached skill level 8 in Fighting
 14567 | Lair:2   | Reached skill level 5 in Invocations
 14667 | Lair:2   | Reached skill level 5 in Armour
 14807 | Lair:2   | HP: 18/101 [blink frog (16)]
 15120 | Lair:3   | Noticed an eight-headed hydra
 15132 | Lair:3   | Killed an eight-headed hydra
 15168 | Lair:3   | Reached skill level 8 in Dodging
 15430 | Lair:3   | Reached skill level 13 in Unarmed Combat
 15461 | Lair:3   | Identified the +1 plate armour "Kojuon" {Stlth+} (Okawaru
                  | gifted it to you on level 2 of the Lair of Beasts)
 16163 | Lair:3   | Found a hole to the Spider Nest.
 16172 | Lair:3   | Reached skill level 7 in Slings
 16180 | Lair:3   | HP: 25/103 [redback (10)]
 16183 | Lair:3   | HP: 11/103 [redback (12)]
 16194 | Lair:3   | HP: 24/103 [poisoned by a redback]
 16202 | Lair:3   | Reached skill level 6 in Armour
 16835 | Lair:4   | Received a gift from Okawaru
 16982 | Lair:4   | Reached skill level 4 in Stealth
 17135 | Lair:4   | Reached skill level 9 in Fighting
 17341 | Lair:4   | Reached skill level 6 in Invocations
 17378 | Lair:4   | Noticed a four-headed hydra
 17391 | Lair:4   | Killed a four-headed hydra
 17667 | Lair:4   | Noticed a death yak
 17675 | Lair:4   | Killed a death yak
 17675 | Lair:4   | Reached XP level 13. HP: 75/111 MP: 0/16
 17681 | Lair:4   | Received a gift from Okawaru
 18970 | Lair:5   | Received a gift from Okawaru
 19011 | Lair:5   | Reached skill level 7 in Armour
 19605 | Lair:5   | Reached skill level 9 in Dodging
 19609 | Lair:5   | Reached skill level 8 in Transmutations
 20150 | Lair:6   | Entered Level 6 of the Lair of Beasts
 20157 | Lair:6   | Reached skill level 14 in Unarmed Combat
 20181 | Lair:6   | Reached skill level 8 in Slings
 20513 | Lair:6   | Reached skill level 5 in Stealth
 20543 | Lair:6   | HP: 15/111 [black mamba (14)]
 20544 | Lair:6   | HP: 1/111 [black mamba (14)]
 20549 | Lair:6   | HP: 17/111 [black mamba (1)]
 20554 | Lair:6   | HP: 1/111 [rime drake/flash freeze (19)]
 20563 | Lair:6   | HP: 9/111 [rime drake/flash freeze (16)]
 20599 | Lair:6   | Found a staircase to the Slime Pits.
 20690 | Lair:6   | Reached skill level 7 in Invocations
 21146 | Lair:6   | HP: 27/111 [poisoned by a black mamba]
 21151 | Lair:6   | HP: 26/111 [poisoned by a black mamba]
 21157 | Lair:5   | HP: 26/111 [poisoned by a black mamba]
 21165 | Lair:5   | HP: 26/111 [poisoned by a black mamba]
 21489 | Lair:5   | Received a gift from Okawaru
 21692 | Lair:6   | Got a fine scale mail
 21712 | Lair:5   | Identified the +6 scale mail of Zomyx {rF+} (You found it
                  | on level 6 of the Lair of Beasts)
 21917 | Lair:6   | Reached XP level 14. HP: 78/118 MP: 10/18
 22245 | Lair:6   | Reached skill level 9 in Slings
 22553 | Lair:6   | Reached skill level 15 in Unarmed Combat
 22823 | Lair:6   | Reached skill level 10 in Dodging
 23031 | Lair:6   | Got bloodstained pearl dragon scales
 23042 | Lair:6   | Identified the +5 pearl dragon scales "Xallar" {rN+ Int+6
                  | SInv} (You found it on level 6 of the Lair of Beasts)
 23043 | Lair:6   | Got a crude tin ring
 23045 | Lair:6   | Identified the ring "Jeexzik" {*Drain +Inv rF- MR+ Dex+6}
                  | (You found it on level 6 of the Lair of Beasts)
 24084 | D:11     | Reached skill level 1 in Shields
 24133 | D:11     | Received a gift from Okawaru
 24153 | D:11     | Reached skill level 8 in Invocations
 24552 | D:12     | Noticed Frances
 24564 | D:12     | Killed Frances
 24594 | D:12     | Reached skill level 2 in Shields
 24929 | D:12     | Got a crude scale mail
 24961 | D:12     | Identified the cursed +0 scale mail "Qompaol" {Stlth+} (You
                  | found it on level 12 of the Dungeon)
 25396 | Orc:1    | Entered Level 1 of the Orcish Mines
 25453 | Orc:2    | Entered Level 2 of the Orcish Mines
 25519 | Orc:2    | Found a staircase to the Elven Halls.
 25695 | Orc:2    | Reached skill level 9 in Transmutations
 26036 | Orc:2    | Reached skill level 3 in Shields
 26338 | Orc:2    | Received a gift from Okawaru
 26572 | Orc:2    | Gained mutation: You occasionally shout uncontrollably at
                  | your foes. [a neqoxec]
 26633 | Orc:2    | Reached skill level 8 in Armour
 27280 | Orc:2    | Found a roughly hewn altar of Beogh.
 27308 | Orc:2    | Reached skill level 4 in Shields
 27523 | Orc:2    | Found Naillaso's Distillery.
 27526 | Orc:2    | Found Hacs's Antique Armour Emporium.
 27527 | Orc:2    | Found Heyfiul's Gadget Emporium.
 27528 | Orc:2    | Found Liseuhaf's Antique Weapon Shoppe.
 27539 | Orc:2    | Bought an embroidered cloak for 262 gold pieces
 27547 | Orc:2    | Bought a potion of curing for 42 gold pieces
 27547 | Orc:2    | Bought a potion of curing for 42 gold pieces
 27548 | Orc:2    | Bought a runed triple crossbow for 312 gold pieces
 27836 | Orc:1    | Received a gift from Okawaru
 27874 | Orc:1    | Found Itoy's Food Boutique.
 28679 | D:13     | Noticed Azrael
 28690 | D:13     | Killed Azrael
 28690 | D:13     | Reached XP level 15. HP: 98/125 MP: 16/20
 28873 | D:13     | Found a gate to the Vaults.
 29012 | D:14     | Reached skill level 5 in Shields
 29086 | D:14     | Reached skill level 9 in Invocations
 29091 | D:14     | Reached skill level 9 in Armour
 30026 | D:14     | Found a viscous altar of Jiyva.
 30071 | D:14     | Reached skill level 16 in Unarmed Combat
 30254 | D:15     | Entered Level 15 of the Dungeon
 30271 | D:15     | Noticed Kirke
 30274 | D:15     | Noticed a sphinx
 30283 | D:15     | Killed Kirke
 30286 | D:15     | Received a gift from Okawaru
 30287 | D:15     | Got a spiked scale mail {god gift}
 30449 | D:15     | Identified the +1 scale mail "Jagg" {rF- rN++} (Okawaru
                  | gifted it to you on level 15 of the Dungeon)
 30542 | D:15     | Reached skill level 10 in Armour
 30542 | D:15     | Reached skill level 10 in Transmutations
 31221 | D:15     | Found a staircase to the Depths.
 31394 | Shoals:1 | Entered Level 1 of the Shoals
 31413 | Shoals:1 | Noticed Aizul
 31416 | Shoals:1 | Noticed a frost giant
 31423 | Shoals:1 | Killed Aizul
 31430 | Shoals:1 | Killed a frost giant
 31887 | Shoals:1 | Reached skill level 11 in Armour
 32624 | Shoals:1 | Received a gift from Okawaru
 33354 | Shoals:2 | Reached XP level 16. HP: 126/132 MP: 21/21
 33390 | Shoals:2 | Noticed Ilsuiw
 33411 | Shoals:2 | Killed Ilsuiw
 33411 | Shoals:2 | Reached ****** piety under Okawaru
 33411 | Shoals:2 | Received a gift from Okawaru
 33416 | Shoals:2 | HP: 31/132 [merfolk javelineer/javelin (13)]
 33420 | Shoals:2 | Reached skill level 17 in Unarmed Combat
 33421 | Shoals:2 | HP: 25/132 [poisoned by a merfolk javelineer]
 33426 | Shoals:2 | HP: 17/132 [poisoned by a merfolk javelineer]
 33431 | Shoals:2 | HP: 13/132 [poisoned by a merfolk javelineer]
 33436 | Shoals:2 | HP: 11/132 [poisoned by a merfolk javelineer]
 33442 | Shoals:2 | HP: 9/132 [poisoned by a merfolk javelineer]
 33450 | Shoals:1 | HP: 7/132 [poisoned by a merfolk javelineer]
 33458 | Shoals:1 | HP: 7/132 [poisoned by a merfolk javelineer]
 33859 | Shoals:2 | Received a gift from Okawaru
 33859 | Shoals:2 | Reached skill level 11 in Transmutations
 33984 | Shoals:2 | Reached skill level 12 in Armour
 34282 | Shoals:2 | Received a gift from Okawaru
 34731 | Shoals:3 | HP: 33/132 [merfolk/cursed +0 glaive (6)]
 34736 | Shoals:3 | Received a gift from Okawaru
 34736 | Shoals:3 | HP: 27/132 [poisoned by a merfolk]
 34741 | Shoals:3 | HP: 23/132 [poisoned by a merfolk]
 34746 | Shoals:3 | HP: 17/132 [poisoned by a merfolk]
 34751 | Shoals:3 | HP: 14/132 [poisoned by a merfolk]
 34756 | Shoals:3 | HP: 13/132 [poisoned by a merfolk]
 34762 | Shoals:3 | HP: 11/132 [poisoned by a merfolk]
 34768 | Shoals:3 | HP: 11/132 [poisoned by a merfolk]
 34776 | Shoals:3 | HP: 12/132 [poisoned by a merfolk]
 35693 | Shoals:3 | HP: 18/132 [merfolk aquamancer/ball of steam (29)]
 35698 | Shoals:3 | HP: 23/132 [drowned by a water elemental (4)]
 35701 | Shoals:3 | HP: 11/132 [drowned by a water elemental (5)]
 36576 | Spider:1 | Entered Level 1 of the Spider Nest
 36636 | Spider:1 | Noticed Jorgrun
 36650 | Spider:1 | Killed Jorgrun
 36944 | Spider:1 | Got a fine shortbow
 37401 | Spider:1 | Reached skill level 13 in Armour
 37410 | Spider:1 | Learned a level 6 spell: Hydra Form
 37636 | Spider:1 | HP: 30/132 [disintegration (48)]
 37640 | Spider:1 | Blown up by an orb spider

Skill      XL: |  1  2  3  4  5  6  7  8  9 10 11 12 13 14 15 16 |
---------------+-------------------------------------------------+-----
Unarmed Combat | 4 5 6 7 9 10 11 12 13 14 15 16 17 | 17.6
Transmutations | 2 3 4 5 6 7 8 9 10 11 | 11.6
Fighting       | 2 3 4 5 6 7 9 |  9.5
Stealth        | 1 2 3 4 5 |  5.0
Dodging        | 3 4 5 6 7 8 9 10 | 10.0
Throwing       | 1 3 |  3.5
Slings         | 2 4 5 6 7 8 9 |  9.6
Invocations    | 2 3 4 6 7 8 9 |  9.0
Armour         | 2 4 6 7 8 11 13 | 13.0
Shields        | 4 5 |  5.0
Spellcasting   | |  1.8

Action                   |  1- 3 |  4- 6 |  7- 9 | 10-12 | 13-15 | 16-18 || total
-------------------------+-------+-------+-------+-------+-------+-------++-------
Melee: Unarmed           |    92 |   163 |   236 |   394 |   624 |   135 ||  1644
       Kick              |    14 |    31 |    49 |    82 |    56 |    18 ||   250
       Headbutt          |     7 |    20 |    29 |    50 |   103 |    26 ||   235
       Punch             |     2 |     4 |     9 |    21 |    17 |     4 ||    57
       Hunting sling     |       |       |       |       |       |    30 ||    30
 Fire: Hunting sling     |       |       |    82 |   293 |   995 |   270 ||  1640
Throw: Stone             |     1 |       |       |       |       |       ||     1
       Javelin           |       |     2 |     5 |       |       |       ||     7
       Tomahawk          |       |       |     5 |       |     4 |       ||     9
 Cast: Beastly Appendage |    38 |    31 |    39 |    41 |    28 |     4 ||   181
       Blade Hands       |       |       |       |     6 |    33 |    14 ||    53
       Sticks to Snakes  |       |       |       |       |     1 |       ||     1
       Hydra Form        |       |       |       |       |       |     1 ||     1
Invok: Heroism           |       |       |       |     8 |    21 |     3 ||    32
       Finesse           |       |       |       |     3 |    11 |     3 ||    17
 Abil: End Transformatio |       |       |       |       |       |     1 ||     1
       Evoke Flight      |       |       |       |       |       |     1 ||     1
  Use: Potion            |       |     1 |     1 |     5 |     6 |     1 ||    14
       Scroll            |       |       |     6 |    12 |    17 |     2 ||    37
 Stab: Sleeping          |     1 |     1 |     3 |       |       |       ||     5
       Petrified         |       |       |       |     1 |       |       ||     1
  Eat: Chunk             |     4 |     6 |    11 |    27 |    58 |    16 ||   122
       Ration            |       |       |     2 |     2 |     3 |     1 ||     8
Armor: Robe              |    22 |    56 |    55 |     2 |       |       ||   135
       Steam dragon scal |       |       |       |   120 |    65 |       ||   185
       Pearl dragon scal |       |       |       |       |   219 |   141 ||   360
Dodge: Dodged            |    41 |    68 |   123 |   260 |   357 |   111 ||   960
Block: Other             |    21 |    20 |    60 |    96 |    96 |    30 ||   323
       Reflection        |       |       |     3 |     2 |    29 |    14 ||    48
       Buckler           |       |       |       |       |   145 |    55 ||   200

Levels and vault maps discovered:
D:1:      mainiacjoe_arrival_reflecting_pool, layout_rooms, tso_metal_star
D:2:      layout_loops_ring, gammafunk_temple_overflow_claw,
          lightli_corner_chamber
D:3:      minmay_recursive_quarters, layout_basic
D:4:      layout_loops_ring, serial_undead, serial_undead_a, serial_undead_d,
          serial_undead_e, serial_undead_d, minivault_25, minmay_quadrilaterals
D:5:      layout_basic, first_ration, serial_shops,
          nicolae_shop_temple_entry_statues_fountains,
          kennysheep_decorative_pillar, grunt_ministairs_13,
          hangedman_decor_opposing, corexii_checkpoint_a,
          kennysheep_generic_room_2
D:6:      layout_cave_pools, dancing_weapons_uskayaw,
          minmay_temple_entry_enclosed_plants
D:7:      layout_basic, grunt_temple_overflow_order_and_chaos_2,
          chequers_temple_overflow_statue_of_worship
D:8:      layout_loops_ring, gammafunk_temple_overflow_wave, uniq_harold
D:9:      layout_long_grid, overflow_temple_1_default, bloody_trog, orc_0_dummy,
          serial_shops, shop, ebering_ghost_gozag
D:10:     kennysheep_blocky_room, layout_irregular_city,
          erik_lair_orcish_takeover
D:11:     kb_forest_paths, layout_small_grid
D:12:     layout_rooms, uniq_frances
D:13:     layout_basic, david_vaults_1, grunt_livestock, uniq_azrael
D:14:     minmay_the_grid_octo_triangle [minmay_the_grid_octo_checkered,
          minmay_the_grid_octo_prize_star, minmay_the_grid_octo_empty],
          layout_grid_maze, chequers_serial_rivers_room_b, glass_columns_a,
          jiyva_altar_1
D:15:     grunt_enter_depths_magical_seal, layout_loops_ring,
          chequers_serial_rivers_micro_b, minmay_misc_feat_doors,
          corner_web_ring, uniq_kirke
Temple:   eino_wide_crystal_templ
Lair:1:   layout_roguey, special_room [special_room_bee]
Lair:2:   gammafunk_lair_enchanted_lake, layout_hall_layers,
          minmay_shoals_entry_beasts, nicolae_quartered_pool_little,
          cheibrodos_lair_reptile_den
Lair:3:   layout_roguey, nicolae_spider_entry_tight_spaces, roderic_carrion_pond
Lair:4:   layout_layer_cave, minmay_shattered_shrine, grunt_megastairs_5
Lair:5:   layout_small_grid
Lair:6:   minmay_lair_end_frog_pond, layout_regular_city,
          minmay_slime_entry_pillars, minivault_19
Shoals:1: layout_shoals, st_shoals_ruin, uniq_aizul
Shoals:2: layout_shoals, uniq_ilsuiw
Shoals:3: layout_shoals, overgrown_hall
Spider:1: layout_spider_delve, uniq_jorgrun
Orc:1:    layout_diamond_mine, serial_shops, nicolae_shop_waterfront
Orc:2:    st_orc_pillars, layout_diamond_mine, basic_altar

Table legend:
 A = Turns spent in this place as a percentage of turns spent in the entire game.
 B = Non-inter-level travel turns spent in this place as a percentage of non-inter-level travel turns spent in the entire game.
 C = Inter-level travel turns spent in this place as a percentage of turns spent in this place.
 D = Turns resting spent in this place as a percentage of non-inter-level travel turns spent in this place.
 E = Turns spent auto-exploring this place as a percentage of non-inter-level travel turns spent in this place.
 F = Non-inter-level travel turns spent in this place divided by the number of levels of this place that you've seen.
                   A       B       C       D       E      F
               +-------+-------+-------+-------+-------+----------------------
         Total | 100.0 | 100.0 |   5.9 |  31.0 |  43.2 | 1265.5
       Dungeon |  43.2 |  43.1 |   6.0 |  22.0 |  50.4 | 1018.7
        Temple |   0.1 |   0.2 |   0.0 |   0.0 |  77.8 |  54.0
          Lair |  34.3 |  33.8 |   7.3 |  41.0 |  36.9 | 1997.5
        Shoals |  12.7 |  13.1 |   2.6 |  40.9 |  34.1 | 1550.3
   Spider Nest |   2.8 |   3.0 |   0.0 |  17.4 |  59.4 | 1064.0
  Orcish Mines |   6.8 |   6.8 |   6.7 |  26.6 |  38.6 | 1199.5
               +-------+-------+-------+-------+-------+----------------------

Table legend:
 A = Kills in this place as a percentage of kills in entire the game.
 B = Kills by you in this place as a percentage of kills by you in the entire game.
 C = Kills by friends in this place as a percentage of kills by friends in the entire game.
 D = Other kills in this place as a percentage of other kills in the entire game.
 E = Experience gained in this place as a percentage of experience gained in the entire game.
 F = Experience gained in this place divided by the number of levels of this place that you have seen.
                   A       B       C       D       E      F
               +-------+-------+-------+-------+-------+----------------------
         Total | 100.0 | 100.0 | 100.0 | 100.0 | 100.0 | 6896.3
       Dungeon |  46.9 |  46.9 | 100.0 |  41.7 |  29.2 | 3753.1
          Lair |  27.7 |  28.0 |   0.0 |   8.3 |  31.2 | 10038.3
        Shoals |  11.0 |  10.6 |   0.0 |  41.7 |  26.3 | 16960.3
   Spider Nest |   3.2 |   3.2 |   0.0 |   0.0 |   6.6 | 12825.0
  Orcish Mines |  11.1 |  11.2 |   0.0 |   8.3 |   6.7 | 6432.0
               +-------+-------+-------+-------+-------+----------------------
